 Dungeon Crawl Stone Soup version 0.30-a0-726-gd89dcf765f (webtiles) character file.

Game seed: 15963813100749692448

832 jimonade the Slicer (level 7, -4/34 HPs)
             Began as a Vine Stalker Gladiator on Jan 29, 2023.
             Was a Follower of Ru.
             Splashed by a jelly's acid (5 damage)
             ... on level 5 of the Dungeon.
             The game lasted 00:09:04 (3356 turns).

jimonade the Slicer (Vine Stalker Gladiator)        Turns: 3356, Time: 00:09:05

Health: -4/34      AC: -7    Str: 16    XL:     7   Next: 98%
Magic:  0/8        EV: 10    Int:  8    God:    Ru [*.....]
Gold:   245        SH:  0    Dex: 18    Spells: 6/6 levels left

rFire   . . .      SeeInvis +    b - +0 rapier (venom)
rCold   + . .      Faith    .    (no shield)
rNeg    + . .      Spirit   +    v - +1 scale mail {rC+}
rPois   .          Reflect  .    c - +1 helmet
rElec   .          Harm     .    (no cloak)
rCorr   .          Rampage  .    (no gloves)
Will    .....                    (no boots) Stlth
                                 (no amulet)
HPRegen 1.05/turn                g - ring of positive energy
MPRegen 0.11/turn                h - ring of see invisible

@: corroded, unable to read
A: fangs 2, regeneration 1, magic shield, antimagic bite, no potion heal 2,
inability to read after injury 2
a: Renounce Religion


You were on level 5 of the Dungeon.
You worshipped Ru.
Ru was aware of your devotion.
You visited 2 branches of the dungeon, and saw 6 of its levels.

You collected 245 gold pieces.

Inventory:

Hand Weapons
 a - a +2 short sword of draining
 b - a +0 rapier of venom (weapon)
Missiles
 d - 3 throwing nets (quivered)
 e - 3 javelins
 s - 4 poisoned darts
 z - 6 atropa-tipped darts
Armour
 c - a +1 helmet (worn)
 p - a +0 leather armour
 v - a +1 scale mail of cold resistance (worn)
Magical Staves
 y - a staff of earth
Jewellery
 f - a ring of flight
 g - a ring of positive energy (left hand)
 h - a ring of see invisible (right hand)
Scrolls
 j - a scroll of fear
 k - 4 scrolls of identify
 n - a scroll of brand weapon
 B - a scroll of silence
 C - 2 scrolls of amnesia
Potions
 i - 5 potions of degeneration
 l - a potion of berserk rage {unknown}
 q - 2 potions of magic {unknown}
 u - a potion of haste {unknown}
 x - 2 potions of curing {unknown}
 E - a potion of lignification {unknown}


   Skills:
 - Level 1.7 Fighting
 + Level 8.4 Short Blades
 - Level 1.7 Throwing
 - Level 2.4 Dodging


You had 6 spell levels left.
You didn't know any spells.
Your spell library was empty.

Dungeon Overview and Level Annotations

Branches:
Dungeon (5/15)             Temple (1/1) D:5

Altars:
Ashenzari
Cheibriados
Elyvilon
Gozag
Makhleb
Nemelex Xobeh
Ru
Sif Muna
Trog
Vehumet
Wu Jian
The Shining One

Shops:
D:2 ?   D:3 (   D:5 !

Annotations:
D:3 3 runed translucent doors, Lobster4's ghost, weakling TrAr


Innate Abilities, Weirdness & Mutations

You have extremely sharp teeth.
Your natural rate of healing is unusually fast.
When hurt, damage is shared between your health and your magic reserves.
Your bite disrupts and absorbs the magic of your enemies.
Potions cannot restore your health.
You sometimes lose the ability to read scrolls when taking damage.


Message History

A hound comes into view.
Found a scroll of identify and a clear potion.
Found a stone staircase leading down.
The hound barks!
There is an open door here.
The hound bites you but does no damage.
You hit the hound but do no damage.
The hound is poisoned.
The hound bites you but does no damage.
You puncture the hound!
The hound is severely wounded.
A jelly comes into view.
The hound misses you.
You hit the hound.
The hound looks as sick as possible!
You bite the hound.
You kill the hound!
You see here a hound corpse.
The jelly hits you but does no damage.
You puncture the jelly! The acid corrodes you!
Your hands burn!
You bite the jelly. You drain its power.
The jelly is moderately wounded.
The jelly hits you but does no damage.
You hit the jelly.
Your hands burn!
Your bite misses the jelly.
The jelly is moderately wounded.
The jelly hits you.
You are splashed with acid!
You feel threatened and lose the ability to read scrolls!
You completely miss the jelly. You bite the jelly, but do no damage.
The jelly is moderately wounded.
You hit the jelly.
Your hands burn!
You bite the jelly. You drain its power.
You feel invigorated.
The jelly is moderately wounded.
The jelly hits you. The acid corrodes you!
You are splashed with acid!
You hit the jelly.
The jelly is poisoned.
Your hands burn!
* * * LOW HITPOINT WARNING * * *
The jelly is moderately wounded.
The jelly hits you.
* * * LOW HITPOINT WARNING * * *
The acid corrodes you!
You are splashed with acid!
* * * LOW HITPOINT WARNING * * *
You hit the jelly.
The jelly looks as sick as possible!
The acid corrodes you!
Your hands burn!
You die...

.........#.......#...##....##....
...##....#.......#...########....
... #....#.......#...##....##....
.. .....#.......#...##....##....
. .!....#.......'...............
. .......#.......#...............
........#......†#...###'####....
.g.g.....#.......#...##....##....
.........#.....>@#....#..........
#?.....J#....#..........
#!......#...##....##....
#.......######....####'#
........# #....# #.......# #....#
#.......# #.......#


You could see a jelly (extremely poisoned).

Vanquished Creatures
  A water moccasin (D:5)
  An ice beast (D:5)
  A black bear (D:5)
  A scorpion (D:5)
  5 hounds
  3 orc wizards (D:4)
  Natasha (thrice) (D:4)
  An iguana (D:5)
  4 gnolls (D:5)
  4 adders
  A white imp (D:5)
  3 worms
  10 orcs
  5 bats
  6 endoplasms
  4 giant cockroaches
  2 goblins
  6 hobgoblins
  4 kobolds
  10 ball pythons
  3 frilled lizards
  8 rats
86 creatures vanquished.

Vanquished Creatures (others)
  2 fungi (D:3)
  2 plants (D:3)
4 creatures vanquished.

Grand Total: 90 creatures vanquished

Notes
Turn   | Place    | Note
-------+----------+-------------------------------------------
     0 | D:1      | jimonade the Vine Stalker Gladiator began the quest for the
                  | Orb.
     0 | D:1      | Reached XP level 1. HP: 11/11 MP: 2/2
   296 | D:1      | Reached skill level 3 in Short Blades
   319 | D:1      | Reached XP level 2. HP: 15/15 MP: 3/3
   700 | D:1      | Found a faded altar of an unknown god.
   846 | D:2      | Reached XP level 3. HP: 18/18 MP: 4/4
  1089 | D:2      | Reached skill level 4 in Short Blades
  1184 | D:2      | Found Dymoz's Magic Scroll Boutique.
  1452 | D:3      | Found Cuamesew's Weapon Emporium.
  1557 | D:3      | Found a runed translucent gate.
  1557 | D:3      | Found a runed translucent gate.
  1557 | D:3      | Found a runed translucent gate.
  1557 | D:3      | Noticed a kobold brigand
  1600 | D:3      | Noticed Lobster4's ghost (weakling TrAr)
  1712 | D:3      | Gained mutation: Your natural rate of healing is unusually
                  | fast. [Vine Stalker growth]
  1712 | D:3      | Reached XP level 4. HP: 23/23 MP: 5/5
  1756 | D:3      | Found a snail-covered altar of Cheibriados.
  1761 | D:3      | Found a sacrificial altar of Ru.
  1764 | D:3      | Found a sparkling altar of Nemelex Xobeh.
  1765 | D:3      | Found an opulent altar of Gozag.
  1781 | D:3      | Became a worshipper of Ru the Awakened
  1925 | D:3      | Found a faded altar of an unknown god.
  1931 | D:3      | Found a glowing golden altar of the Shining One.
  2123 | D:4      | Reached skill level 5 in Short Blades
  2123 | D:4      | Reached XP level 5. HP: 26/26 MP: 6/6
  2434 | D:4      | Found a white marble altar of Elyvilon.
  2436 | D:4      | Noticed Natasha
  2443 | D:4      | Killed Natasha
  2451 | D:4      | Reached skill level 6 in Short Blades
  2451 | D:4      | Reached XP level 6. HP: 30/30 MP: 7/7
  2582 | D:4      | Noticed Natasha
  2590 | D:4      | Killed Natasha
  2670 | D:4      | You fall into a shaft and drop 1 floor!
  2670 | D:5      | Entered Level 5 of the Dungeon
  2681 | D:5      | Found a staircase to the Ecumenical Temple.
  2702 | Temple   | Entered the Ecumenical Temple
  2875 | D:5      | Noticed a water moccasin
  2884 | D:5      | Killed a water moccasin
  2885 | D:5      | Reached skill level 7 in Short Blades
  2885 | D:5      | Reached XP level 7. HP: 33/34 MP: 8/8
  2952 | D:5      | Gained mutation: You occasionally lose the ability to read
                  | scrolls when taking damage. [Ru sacrifice]
  2952 | D:5      | Gained mutation: You sometimes lose the ability to read
                  | scrolls when taking damage. [Ru sacrifice]
  2952 | D:5      | Reached * piety under Ru
  2964 | D:4      | Noticed Natasha
  2972 | D:4      | Killed Natasha
  3137 | D:5      | Reached skill level 8 in Short Blades
  3245 | D:5      | Found Laus's Distillery.
  3355 | D:5      | HP: 1/34 [acid (7)]
  3356 | D:5      | Splashed by a jelly's acid

Illustrated notes

Levels and vault maps discovered:
D:1:      spicycebolla_arrival_clurvy, layout_loops_ring,
          ebering_ecumenical_altar_rust, minmay_box_of_dots
D:2:      layout_basic, serial_shops, shop
D:3:      layout_basic, nicolae_overflow_ecumenical_swirl,
          grunt_temple_overflow_open, serial_shops,
          nicolae_shop_bloodbath_and_beyond, gammafunk_ghost_nasty_kobolds
D:4:      layout_rooms, elyvilon_altar_5, minmay_surrounded, uniq_natasha,
          uniq_sigmund
D:5:      layout_gridville, minmay_temple_entry_grid, serial_shops,
          shop_fountains
Temple:   hellmonk_temple_beads

Skill      XL: |  1  2  3  4  5  6  7 |
---------------+----------------------+-----
Short Blades   | 3 4 5 6 7 8 |  8.4
Fighting       | |  1.7
Throwing       | |  1.7
Dodging        | |  2.4

Action                     |  1- 3 |  4- 6 |  7- 9 || total
---------------------------+-------+-------+-------++-------
  Melee: Rapier            |    16 |    80 |    58 ||   154
         Bite              |    21 |    32 |    21 ||    74
         Short sword       |    56 |    35 |    11 ||   102
         Punch             |     2 |     2 |     1 ||     5
 Invoke: Sacrifice Words   |       |       |     1 ||     1
    Use: Scroll            |       |    14 |       ||    14
 Armour: Leather armour    |    13 |       |       ||    13
         Scale mail        |    10 |    47 |    25 ||    82
  Dodge: Dodged            |    32 |    63 |    28 ||   123

Table legend: (Time is in decaauts)
 A = Elapsed time spent in this place.
 B = Non-inter-level travel time spent in this place.
 C = Inter-level travel time spent in this place.
 D = Time resting spent in this place.
 E = Time spent auto-exploring this place.
 F = Levels seen in this place.
 G = Mean time per level.
                   A        B        C        D        E       F      G
               +--------+--------+--------+--------+--------+-----+--------+
         Total |   3314 |   3115 |    199 |    414 |   2029 |   6 |  552.3 |
       Dungeon |   3200 |   3013 |    187 |    414 |   1935 |   5 |  640.0 |
        Temple |    113 |    101 |     12 |      0 |     94 |   1 |  113.0 |
               +--------+--------+--------+--------+--------+-----+--------+

Top non-repeatable levels by time:
     D:3: 899 daAuts
     D:1: 772 daAuts
     D:2: 668 daAuts
     D:4: 449 daAuts
     D:5: 409 daAuts
  Temple: 113 daAuts
